 Dungeon Crawl Stone Soup version 0.31.0-12-g77e489cdc1 (webtiles) character file.

Game seed: 14150151361395217892

63 Gadfly the Trooper (level 4, 0/28 HPs)
             Began as a Gargoyle Fighter on Mar 8, 2024.
             Slain by a raiju (3 damage)
             ... on level 1 of the Abyss.
             The game lasted 00:02:25 (1541 turns).

Gadfly the Trooper (Gargoyle Fighter)               Turns: 1541, Time: 00:02:25

Health: 0/28       AC: 15    Str: 19    XL:     4   Next: 9%
Magic:  5/5        EV:  5    Int:  9    God:
Gold:   64         SH:  4    Dex: 11    Spells: 3/3 levels left

rFire   . . .        a - +0 flail
rCold   . . .        c - +0 buckler
rNeg    + . .        e - +0 plate armour
rPois   ∞            (no helmet)
rElec   +            (no cloak)
rCorr   .            (no gloves)
SInv    .            (no boots)
Will    .....        (no amulet) Stlth
                     (no ring)
HPRegen 0.24/turn    (no ring)
MPRegen 0.09/turn

%: no passive effects
@: mighty
A: sickness immunity, AC +3, negative energy resistance 1, electricity
resistance, torment resistance 1, petrification resistance
a: no special abilities


You were on level 1 of the Abyss.
You visited 1 branch of the dungeon, and saw 2 of its levels.
You visited the Abyss 1 time.

You collected 64 gold pieces.

Inventory:

Hand Weapons
 a - a +0 flail (weapon)
 j - a +2 dagger of electrocution
Armour
 c - a +0 buckler (worn)
 e - a +0 plate armour (worn)
Scrolls
 g - a scroll of identify
 h - a scroll of fear {unknown}
Potions
 b - a potion of heal wounds
 f - a potion of attraction
 i - a potion of enlightenment {unknown}


   Skills:
 + Level 3.6 Fighting
 * Level 2.5 Maces & Flails
 + Level 3.5 Armour
 + Level 3.5 Shields
 * Level 1.6 Invocations
 * Level 1.3 Evocations


You had 3 spell levels left.
You didn't know any spells.
Your spell library contained the following spells:

 Spells                   Type           Power      Damage    Failure   Level
 Ensorcelled Hibernation  Hex/Ice        0%         N/A       100%        2
 Passwall                 Erth           0%         N/A       100%        3
 Swiftness                Air            0%         N/A       100%        3


Dungeon Overview and Level Annotations

Branches:
Dungeon (2/15)

Altars:
Fedhas


Innate Abilities, Weirdness & Mutations

You are immune to sickness and miasma.
Your stone body is resilient. (AC +3)
You are immune to poison.
You resist negative energy. (rN+)
You are resistant to electric shocks. (rElec)
You are resistant to unholy torment.
You are immune to petrification.


Message History

You are too injured to fight recklessly!
You are too injured to fight recklessly!
You are too injured to fight recklessly!
You are too injured to fight recklessly!
You are too injured to fight recklessly!
You are too injured to fight recklessly!
Unknown command.
You feel very mighty all of a sudden.
You sock the raiju!
The raiju is moderately wounded.
You barely miss the raiju.
The raiju is moderately wounded.
You sock the hellephant!
The hellephant is lightly wounded.
A raiju comes into view.
The hellephant tramples you but does no damage.
The hellephant bites you but does no damage.
You block the hellephant's attack.
The raiju barks!
You sock the hellephant!
The hellephant is lightly wounded.
The hellephant blinks!
You sock the raiju!
The raiju is moderately wounded.
The hellephant blinks!
The raiju bites you but does no damage.
You closely miss the raiju.
The raiju is moderately wounded.
The raiju bursts into living lightning!
The living lightning hits the raiju.
The raiju completely resists.
The living lightning hits you. You resist.
The raiju blinks! x2
The hellephant blinks!
The raiju bursts into living lightning!
The living lightning hits the raiju.
The raiju completely resists.
The living lightning hits you. You resist.
The raiju blinks! x2
You miss the raiju.
The raiju is moderately wounded.
The raiju bites you!
* * * LOW HITPOINT WARNING * * *
The raiju shocks you. You resist.
You die...

# #.
# .§
. #.
#.#.
##.#§
...hh
## #
#h###
#@##
###


You could see 3 raiju.

Vanquished Creatures
  A gnoll (D:1)
  An adder (D:2)
  2 endoplasms
  A giant cockroach (D:1)
  2 goblins
  3 hobgoblins (D:1)
  7 jackals
  6 kobolds
  3 quokkas (D:1)
  5 ball pythons
  2 bats (D:2)
  4 frilled lizards (D:1)
  5 rats
42 creatures vanquished.

Notes
Turn   | Place    | Note
-------+----------+-------------------------------------------
     0 | D:1      | Gadfly the Gargoyle Fighter began the quest for the Orb.
     0 | D:1      | Reached XP level 1. HP: 14/14 MP: 1/1
    45 | D:1      | Reached XP level 2. HP: 13/19 MP: 2/2
   123 | D:1      | Reached skill level 1 in Invocations
   125 | D:1      | Reached XP level 3. HP: 18/23 MP: 3/3
   229 | D:1      | You fall into a shaft and drop 1 floor!
   275 | D:2      | Reached skill level 1 in Evocations
   332 | D:2      | Found a blossoming altar of Fedhas.
   458 | D:1      | Found a faded altar of an unknown god.
   988 | D:2      | Identified the +8 broad axe "Asery" {venom, Will+}
  1182 | D:2      | Reached XP level 4. HP: 28/28 MP: 5/5
  1253 | Abyss:1  | Cast into level 1 of the Abyss (kobold)
  1529 | Abyss:1  | Noticed a raiju
  1529 | Abyss:1  | Noticed a raiju
  1529 | Abyss:1  | Noticed a raiju
  1534 | Abyss:1  | Noticed a hellephant
  1537 | Abyss:1  | Noticed a raiju
  1541 | Abyss:1  | Slain by a raiju

Illustrated notes

Levels and vault maps discovered:
D:1:      dpeg_arrival_round_c, layout_basic, ebering_ecumenical_altar_abandoned
D:2:      layout_loops_cross, basic_altar, kennysheep_generic_room_2
Abyss:1:  base: D:1, hangedman_decor_points

Skill      XL: |  1  2  3 |
---------------+----------+-----
Invocations    | 1 |  1.6
Evocations     | 1 |  1.3
Fighting       | |  3.6
Maces & Flails | |  2.5
Armour         | |  3.5
Shields        | |  3.5

Action                     |  1- 3 |  4- 6 || total
---------------------------+-------+-------++-------
  Melee: Flail             |   161 |    28 ||   189
    Use: Scroll            |     5 |       ||     5
         Potion            |     1 |     1 ||     2
 Armour: Scale mail        |    75 |       ||    75
         Plate armour      |   120 |    23 ||   143
  Dodge: Dodged            |    78 |     2 ||    80
  Block: Buckler           |    44 |     6 ||    50
